cohdb
Replays
Latest Replays
All Replays
Popular Replays
Top Player Replays
Match Explorer
How It Works
Community
CoH3 Stats
Reddit
Sign in to upload your games and track your stats! →
Sign in with Steam
Match 41122152
Unlisted
Match 41122152
Overview
Messages
Build Orders
End
Vickers Machine Gun Team
Selects Australian Defense Battlegroup
Selects Australian Light Infantry Section
Australian Light Infantry Section
Australian Light Infantry Section
Construct Section Command Post
Construct Platoon Command Post
Humber Armored Car
Australian Light Infantry Section
CMP 15cwt Truck
Selects CMP 15cwt Supply Run
CMP 15cwt Supply Run
Infantry Training
Light Vehicle Training
Selects Reinforced Resource Caches
Construct Company Command Post
Matilda II Heavy Tank
CMP 15cwt Supply Run
Forward Retreat Point
Matilda II Heavy Tank
Armored Vehicle Training
Royal Engineer Section
Selects Archer Tank Destroyer
Archer Tank Destroyer
Frost233233
Michty Action X
horizondawn
Lyara
theStevenCox
Tomlin
[QSA] Aerocrastic
nre_nuker
0
0
Comments
sign in to comment!
No comments posted yet!